 Dungeon Crawl Stone Soup version 0.29.1 (webtiles) character file.

Game seed: 17388714547094820699

98 qw the Chopper (level 4, -5/28 HPs)
             Began as a Gargoyle Fighter on Sept 13, 2022.
             Killed by nerve-wracking pain
             ... invoked by Grinder
              (6 damage)
             ... on level 3 of the Dungeon.
             The game lasted 00:00:51 (2533 turns).

qw the Chopper (Gargoyle Fighter)                   Turns: 2533, Time: 00:00:51

Health: -5/28      AC: 12    Str: 27    XL:     4   Next: 71%
Magic:  0/4        EV:  9    Int:  9    God:
Gold:   119        SH:  4    Dex:  9    Spells: 3/3 levels left

rFire   . . .      SeeInvis +   Y - +0 war axe
rCold   . . .      Faith    .   c - +0 buckler
rNeg    + . .      Spirit   +   b - +0 scale mail
rPois   inf        Reflect  .   (no helmet)
rElec   +          Harm     .   (no cloak)
rCorr   .          Rampage  .   o - +0 pair of gloves
Will    .....                   h - +0 pair of boots
Stlth   ..........              e - amulet of guardian spirit
HPRegen 0.09/turn               m - ring of see invisible
MPRegen 0.09/turn               l - +6 ring of strength

@: no status effects
A: sickness immunity, AC +3, negative energy resistance 1, electricity
resistance, torment resistance 1, petrification resistance
a: no special abilities


You were on level 3 of the Dungeon.
You visited 1 branch of the dungeon, and saw 3 of its levels.

You collected 119 gold pieces.


Innate Abilities, Weirdness & Mutations

You are immune to sickness and miasma.
Your stone body is resilient. (AC +3)
You are immune to poison.
You resist negative energy. (rN+)
You are resistant to electric shocks. (rElec)
You are resistant to unholy torment.
You are immune to petrification.


   Skills:
 - Level 3.2 Fighting
 + Level 4.3 Axes
 - Level 3.2 Armour
 - Level 3.2 Shields


You had 3 spell levels left.
You didn't know any spells.
Your spell library was empty.

Inventory:

Hand Weapons
 n - a +0 flail
 Y - a +0 war axe (weapon)
Armour
 b - a +0 scale mail (worn)
 c - a +0 buckler (worn)
 h - a +0 pair of boots (worn)
 o - a +0 pair of gloves (worn)
Jewellery
 e - an amulet of guardian spirit (around neck)
 l - a +6 ring of strength (right hand)
 m - a ring of see invisible (left hand)
 p - a ring of ice
Scrolls
 a - a scroll of identify
Potions
 d - a potion of might
 f - a potion of lignification
 i - a potion of flight {unknown}
 j - a potion of curing
 k - a potion of haste {unknown}
 r - a potion of brilliance {unknown}

Dungeon Overview and Level Annotations

Branches:
Dungeon (3/15)

Altars:

Annotations:
D:2 1 runed translucent door, Crazy Yiuf
D:3 Grinder


Message History

You hit Grinder but do no damage.
Grinder is moderately wounded.
Grinder barely misses you. Grinder misses you.
You hit Grinder.
Grinder is moderately wounded.
Grinder says, "Mostly I couldn't keep them alive."
Grinder hits you!
You writhe in agony.
2524 ||| DRINKING potion of heal wounds.
You feel much better. Grinder hits you but does no damage.
You barely miss Grinder.
Grinder is moderately wounded.
Grinder hits you but does no damage.
You hit Grinder but do no damage.
Grinder is moderately wounded.
Grinder gestures at you. Pain shoots through your body!
Grinder gestures at you. Pain shoots through your body!
You slash Grinder!
Grinder is heavily wounded.
Grinder closely misses you.
You barely miss Grinder.
Grinder is heavily wounded.
Grinder hits you.
You slash Grinder!
Grinder is severely wounded.
Grinder gestures at you.
You suddenly lose the ability to move!
Grinder says, "At least Makhleb appreciates what I'm doing."
Grinder hits you but does no damage. Grinder hits you!
You writhe in agony.
Grinder hits you.
You writhe in agony.
Grinder hits you but does no damage.
You can move again.
You hit Grinder.
Grinder is almost dead.
Grinder gestures at you. Pain shoots through your body!
You die...

..#######......# #
..........#.#### #
#......#.#.# # #
######.#.#.# # #.
#.#.#.# # #..
#.#.#.####### #...
#.#.#........
#....######.#.#..:.....
#....5@.....#..........
#..$...................
#...$...$.....#........
#..........#..# .......
#.#........#..# .......
.......####.#..#
....... ....... #.#..#
....... ...... #.#..#
....... ... .# ##.###


You could see Grinder.

Vanquished Creatures
  An iguana (D:2)
  A gnoll (D:1)
  An adder (D:3)
  A dart slug (D:1)
  5 endoplasms
  4 giant cockroaches
  5 goblins
  5 hobgoblins (D:1)
  3 jackals (D:1)
  4 kobolds
  A quokka (D:1)
  7 ball pythons
  3 bats
  3 frilled lizards (D:1)
  6 rats
50 creatures vanquished.

Vanquished Creatures (others)
  7 plants (D:1)
7 creatures vanquished.

Grand Total: 57 creatures vanquished

Notes
Turn   | Place    | Note
-------+----------+-------------------------------------------
     0 | D:1      | qw the Gargoyle Fighter began the quest for the Orb.
     0 | D:1      | Reached XP level 1. HP: 14/14 MP: 1/1
     0 | D:1      | 0 ||| qw: Version: 0.1-a-119-g272c26d
     0 | D:1      | 0 ||| qw: Game counter: 11240
     0 | D:1      | 0 ||| qw: Always use a shield: true
     0 | D:1      | 0 ||| qw: God list: Okawaru
     0 | D:1      | 0 ||| qw: Allow faded altars: false
     0 | D:1      | 0 ||| qw: Do Orc after D:15 true
     0 | D:1      | 0 ||| qw: Do second Lair branch before Depths: true
     0 | D:1      | 0 ||| qw: Lair rune preference: random
     0 | D:1      | 0 ||| qw: Plans: Normal, Zot, God:TSO, Crypt, Tomb, Pan,
                  | Slime, Hells, Zig, Abyss, Orb
     0 | D:1      | 0 ||| PLANNING D:1-11
    40 | D:1      | Reached skill level 2 in Axes
   322 | D:1      | Reached XP level 2. HP: 19/19 MP: 2/2
   396 | D:1      | 396 ||| Stepping ~*~*~tactically~*~*~ (stealth).
   418 | D:1      | Reached skill level 3 in Axes
   435 | D:1      | 435 ||| Stepping ~*~*~tactically~*~*~ (stealth).
   491 | D:1      | 491 ||| Stepping ~*~*~tactically~*~*~ (stealth).
   492 | D:1      | 492 ||| Stepping ~*~*~tactically~*~*~ (stealth).
   528 | D:1      | Reached XP level 3. HP: 23/23 MP: 3/3
   854 | D:1      | 854 ||| DROPPING +0 club.
   957 | D:1      | Found a faded altar of an unknown god.
   957 | D:1      | Identified the +7 falchion "Aseluu" {vorpal, Fly Dex+3
                  | SInv}
  1297 | D:1      | 1297 ||| UPGRADING to +0 pair of gloves.
  1302 | D:1      | 1302 ||| UPGRADING to amulet of guardian spirit.
  1307 | D:1      | 1307 ||| UPGRADING to ring of see invisible.
  1308 | D:1      | 1308 ||| READING 3 scrolls labelled HETAEN XERITOG.
  1309 | D:1      | 1309 ||| READING scroll labelled RUOKLE QICLI.
  1310 | D:1      | 1310 ||| READING scroll labelled GEEBIA WEWESEX.
  1311 | D:1      | 1311 ||| READING scroll labelled XESERI ASHRONTO.
  1312 | D:1      | 1312 ||| READING scroll labelled SOUSUIGIXT.
  1317 | D:1      | 1317 ||| READING 2 scrolls of identify.
  1317 | D:1      | 1317 ||| IDENTIFYING purple potion
  1534 | D:2      | Reached XP level 4. HP: 28/28 MP: 4/4
  1609 | D:2      | Reached skill level 4 in Axes
  1657 | D:2      | Found a runed translucent door.
  1658 | D:2      | Noticed Crazy Yiuf
  2249 | D:2      | 2249 ||| UPGRADING to +0 pair of boots.
  2254 | D:2      | 2254 ||| UPGRADING to +6 ring of strength.
  2255 | D:2      | 2255 ||| READING scroll labelled JAVVIU LEUNE.
  2256 | D:2      | 2256 ||| DRINKING 2 sedimented clear potions.
  2257 | D:2      | 2257 ||| READING 2 scrolls of identify.
  2257 | D:2      | 2257 ||| IDENTIFYING smoky blue potion
  2510 | D:3      | Noticed Grinder
  2511 | D:3      | 2511 ||| Stepping ~*~*~tactically~*~*~ (hiding).
  2512 | D:3      | 2512 ||| Stepping ~*~*~tactically~*~*~ (hiding).
  2523 | D:3      | HP: 4/28 [Grinder (5)]
  2524 | D:3      | 2524 ||| DRINKING potion of heal wounds.
  2529 | D:3      | Paralysed by Grinder for 4 turns
  2530 | D:3      | HP: 6/28 [Grinder (7)]
  2531 | D:3      | HP: 1/28 [Grinder (3)]
  2533 | D:3      | Killed from afar by Grinder

Levels and vault maps discovered:
D:1:      ncdulo_lavacross, layout_loops_ring,
          hellmonk_ecumenical_altar_lost_god, serial_bayou_ford_a,
          minmay_tetromino_i4
D:2:      layout_loops_ring, uniq_crazy_yiuf_cottage
D:3:      layout_basic, uniq_grinder

Skill      XL: |  1  2  3  4 |
---------------+-------------+-----
Axes           | 2 3 4 |  4.3
Fighting       | |  3.2
Armour         | |  3.2
Shields        | |  3.2

Action                   |  1- 3 |  4- 6 || total
-------------------------+-------+-------++-------
Melee: War axe           |   100 |    37 ||   137
  Use: Scroll            |     6 |     2 ||     8
       Potion            |       |     2 ||     2
Armor: Scale mail        |    52 |    15 ||    67
Dodge: Dodged            |    55 |    16 ||    71
Block: Buckler           |    15 |     5 ||    20

Table legend:
 A = Non-vault XP
 B = Vault XP
 C = Vault XP percentage of total XP
 D = Non-vault monster count
 E = Vault monster count
 F = Vault count percentage of total count
                 A         B        C        D         E       F
            +---------+---------+-------+---------+---------+-------
      Total |     136 |       5 |   3.5 |      47 |       3 |   6.0
            +---------+---------+-------+---------+---------+-------
        D:1 |      67 |       5 |   6.9 |      32 |       3 |   8.6
        D:2 |      55 |       0 |   0.0 |      13 |       0 |   0.0
        D:3 |      14 |       0 |   0.0 |       2 |       0 |   0.0
            +---------+---------+-------+---------+---------+-------
